 Dungeon Crawl Stone Soup version 0.28-a0-793-g31680bbd8b (webtiles) character file.

Game seed: 516288633706615648

256 cheechan the Chopper (level 6, -1/51 HPs)
             Began as a Naga Fighter on Nov 4, 2021.
             Slain by a gnoll (8 damage)
             ... on level 3 of the Dungeon.
             The game lasted 00:05:27 (1551 turns).

cheechan the Chopper (Naga Fighter)                 Turns: 1551, Time: 00:05:28

Health: -1/51      AC:  5    Str: 20    XL:     6   Next: 15%
Magic:  6/6        EV:  7    Int:  8    God:
Gold:   69         SH:  4    Dex: 11    Spells: 5/5 levels left

rFire   . . .      SeeInvis +   k - +3 flail
rCold   . . .      Faith    .   c - +0 buckler
rNeg    . . .      Spirit   .   b - +0 scale mail
rPois   +          Reflect  .   (no helmet)
rElec   .          Harm     .   h - scarf {shadows}
rCorr   .          Rampage  .   (no gloves)
Will    .....                   (no barding)
Stlth   ..........              g - amulet of magic regeneration
HPRegen 0.17/turn               (no ring)
MPRegen 0.35/turn               (no ring)

@: mighty, very slow
A: AC +2, large, see invisible, deformed body, poison resistance, slowness 2,
spit poison 1, naga tail 1, frail 1
a: Spit Poison


You were on level 3 of the Dungeon.
You visited 1 branch of the dungeon, and saw 3 of its levels.

You collected 69 gold pieces.

Inventory:

Hand Weapons
 a - a +0 war axe
 i - a +0 scythe
 j - a +0 shortbow
 k - a +3 flail (weapon)
Missiles
 e - 33 sling bullets
 l - 5 curare-tipped darts
 m - 16 poisoned darts
Armour
 b - a +0 scale mail (worn)
 c - a +0 buckler (worn)
 h - a scarf of shadows (worn)
Jewellery
 g - an amulet of magic regeneration (around neck)
Scrolls
 f - a scroll of identify


   Skills:
 + Level 4.0 Fighting
 + Level 4.1 Axes
 + Level 3.6 Armour
 + Level 0.6 Dodging
 + Level 2.7 Shields


You had 5 spell levels left.
You didn't know any spells.
Your spell library contained the following spells:

 Spells                   Type           Power      Damage    Failure   Level
 Magic Dart               Conj           0%         1d3       77%         1
 Call Imp                 Summ           0%         N/A       88%         2
 Scorch                   Fire           0%         2d5       88%         2
 Inner Flame              Hex/Fire       0%         N/A       98%         3
 Mephitic Cloud           Conj/Pois/Air  0%         N/A       98%         3
 Lee's Rapid Deconstruct  Erth           0%         3d5*      100%        5
 Fire Storm               Conj/Fire      0%         5d1       100%        9


Dungeon Overview and Level Annotations

Branches:
Dungeon (3/15)

Altars:

Shops:
D:1 (


Innate Abilities, Weirdness & Mutations

Your serpentine skin is tough. (AC +2)
You have supernaturally acute eyesight. (SInv)
Armour fits poorly on your strangely shaped body.
Your system is resistant to poisons. (rPois)
You cover ground very slowly.
You can spit poison.
You have a snake-like lower body.
You are frail. (-10% HP)


Message History

The gnoll hits you but does no damage.
The frilled lizard bites you but does no damage.
Things that are here:
a +0 dagger; a goblin corpse You feel very mighty all of a sudden.
A gnoll comes into view. It is wielding a +0 whip.
The gnoll hits you with a +0 flail!
The frilled lizard bites you but does no damage.
The gnoll shouts!
You sock the gnoll!
The gnoll is almost dead.
The goblin hits you but does no damage. The gnoll completely misses you.
You block the frilled lizard's attack.
You closely miss the frilled lizard.
You have got your breath back.
The goblin hits you but does no damage. The gnoll barely misses you. x2
The frilled lizard bites you.
A rat comes into view.
The goblin hits you with a +0 dagger. You block the gnoll's attack.
You miss the frilled lizard.
A ball python comes into view.
The gnoll completely misses you.
The frilled lizard bites you but does no damage.
You block the goblin's attack. The gnoll closely misses you.
The ball python hisses angrily.
You sock the goblin!
You kill the goblin!
The gnoll hits you with a +0 flail!
* * * LOW HITPOINT WARNING * * *
The frilled lizard bites you but does no damage.
The gnoll closely misses you.
A giant cockroach comes into view.
The gnoll hits you with a +0 flail!
* * * LOW HITPOINT WARNING * * *
The frilled lizard bites you.
* * * LOW HITPOINT WARNING * * *
You sock the goblin!
You kill the goblin!
The gnoll hits you from afar with a +0 halberd!
You die...

#.# #
#.###<# ..
#.....# .#
.#.###.##g#
...>..rg..#
##.#.#g####
#...gl#
###.#g#
#.#@#
.....)l#
####.#.#
#..<. # .S#
..B. ....


You could see an iguana, 4 gnolls, a giant cockroach, a ball python, a frilled
lizard and a rat.

Vanquished Creatures
  Sigmund (D:2)
  Terence (D:2)
  A gnoll (D:1)
  An adder (D:2)
  A worm (D:2)
  A dart slug (D:2)
  3 endoplasms
  2 giant cockroaches (D:1)
  11 goblins
  3 hobgoblins (D:1)
  6 kobolds
  3 quokkas
  2 ball pythons
  12 bats
  3 frilled lizards
  4 rats
55 creatures vanquished.

Notes
Turn   | Place    | Note
-------+----------+-------------------------------------------
     0 | D:1      | cheechan the Naga Fighter began the quest for the Orb.
     0 | D:1      | Reached XP level 1. HP: 21/21 MP: 1/1
    28 | D:1      | Found Zalanwil's Antique Weapon Shop.
   115 | D:1      | Reached XP level 2. HP: 28/28 MP: 2/2
   302 | D:1      | Found a faded altar of an unknown god.
   392 | D:1      | Reached XP level 3. HP: 13/34 MP: 3/3
   743 | D:2      | Noticed Sigmund
   754 | D:2      | Killed Sigmund
   755 | D:2      | Reached XP level 4. HP: 4/44 MP: 4/4
   755 | D:2      | Reached XP level 5. HP: 4/50 MP: 5/5
  1126 | D:2      | Gained mutation: You are frail. (-10% HP) [potion of
                  | mutation]
  1242 | D:2      | Got the Reference Book on Earthen Heat
  1262 | D:2      | Noticed Terence
  1271 | D:2      | Killed Terence
  1272 | D:2      | Reached XP level 6. HP: 11/51 MP: 6/6
  1551 | D:3      | Slain by a gnoll

Illustrated notes

Levels and vault maps discovered:
D:1:      minmay_arrival_shattered_statue, layout_loops_cross, serial_shops,
          nicolae_shop_behind_doors,
          dreamdust_ecumenical_altar_angels_and_demons, minmay_unequal
D:2:      layout_basic, uniq_terence, uniq_sigmund
D:3:      layout_loops_ring, mainiacjoe_overflow_alcove_1,
          mainiacjoe_overflow_small_starburst

Skill      XL: |  1  2  3  4  5 |
---------------+----------------+-----
Axes           | 3 4 |  4.1
Armour         | 3 |  3.6
Fighting       | 4 |  4.0
Dodging        | |  0.6
Shields        | |  2.7

Action                   |  1- 3 |  4- 6 || total
-------------------------+-------+-------++-------
Melee: War axe           |    58 |    43 ||   101
       Flail             |       |    29 ||    29
 Abil: Spit Poison       |    10 |     6 ||    16
  Use: Potion            |     1 |     2 ||     3
       Scroll            |       |     3 ||     3
Armor: Scale mail        |    51 |    43 ||    94
Dodge: Dodged            |    43 |    44 ||    87
Block: Buckler           |    12 |    28 ||    40

Table legend: (Time is in decaauts)
 A = Elapsed time spent in this place.
 B = Non-inter-level travel time spent in this place.
 C = Inter-level travel time spent in this place.
 D = Time resting spent in this place.
 E = Time spent auto-exploring this place.
 F = Levels seen in this place.
 G = Mean time per level.
                   A        B        C        D        E       F      G
               +--------+--------+--------+--------+--------+-----+--------+
         Total |   2012 |   2012 |      0 |    306 |      0 |   3 |  670.7 |
       Dungeon |   2012 |   2012 |      0 |    306 |      0 |   3 |  670.7 |
               +--------+--------+--------+--------+--------+-----+--------+

Top non-repeatable levels by time:
     D:1: 1014 daAuts
     D:2: 979 daAuts
     D:3: 18 daAuts
